[Event "WSTCC-50 2024"]
[Site "Krakow"]
[Date "2024.07.02"]
[Round "1.9"]
[White "Dahl, Fredrik A"]
[Black "Rowe, Peter"]
[Result "1/2-1/2"]
[ECO "A41"]
[WhiteElo "2237"]
[BlackElo "1960"]
[Annotator "TA"]
[PlyCount "41"]
[EventDate "2024.07.01"]
[EventType "team-tourn"]
[EventCountry "POL"]
[SourceTitle "playchess.com"]
[Source "ChessBase"]
[SourceQuality "1"]
[TimeControl "40/5400+30:1800+30"]

1. d4 d6 2. Nf3 Nf6 3. g3 Nbd7 4. Bg2 e5 5. O-O Be7 6. c4 c6 7. Nc3 O-O 8. e4 Rb8 9. a4 a5 10. h3 exd4 11. Nxd4 Nc5 12. Qc2 Qc7 13. Be3 Re8 14. Rad1 Bf8 15. Rfe1 Bd7 16. f4 Rbd8 17. g4 Qc8 (17... h6 $14) 18. f5 (18. Nb3 $16) 18... Qb8 $2 (18... d5 $1 $11 {and Black has nothing to worry.}) 19. Bf4 ({White must play} 19. g5 $18 Nh5 20. Bf3) 19... Bc8 $14 20. Nf3 {[%emt 0:09:34] White is more active.} (20. g5 $16 Nfd7 21. Re3) 20... Nfd7 {[%emt 0:03:25] [#]} (20... h6 $11) 21. e5 {[%emt 0:12:25] Weighted Error Value: White=0.33/Black=0.35.  Loses game:     	---       	Black=1      Mistake:       	White=4     	Black=2      OK:         	White=5     	Black=4} 1/2-1/2

[Event "WSTCC-50 2024"]
[Site "Krakow"]
[Date "2024.07.02"]
[Round "1.10"]
[White "Forgo, Eva"]
[Black "Petursson, Margeir"]
[Result "0-1"]
[ECO "B93"]
[WhiteElo "2060"]
[BlackElo "2397"]
[Annotator "RC"]
[PlyCount "128"]
[EventDate "2024.07.01"]
[EventType "team-tourn"]
[EventCountry "POL"]
[SourceTitle "playchess.com"]
[Source "ChessBase"]
[SourceQuality "1"]
[TimeControl "40/5400+30:1800+30"]

1. e4 c5 2. Nf3 d6 3. d4 cxd4 4. Nxd4 Nf6 5. Nc3 a6 6. f4 e5 7. Nf3 Nbd7 8. a4 Be7 9. Bd3 O-O 10. O-O exf4 11. Bxf4 Nc5 12. Kh1 Bg4 13. Qd2 Rc8 14. a5 Re8 15. Qf2 d5 16. e5 Nfe4 17. Bxe4 Nxe4 18. Nxe4 dxe4 19. Nd4 Bc5 20. c3 Qd5 21. Qg3 Bxd4 22. cxd4 Bh5 23. Be3 Rc2 24. Rf2 Rc6 25. Qg5 Bg6 26. h4 h6 27. Qg4 h5 28. Qd1 Rec8 29. Kh2 Rc4 30. Rd2 Rb4 31. Rc2 Rxc2 32. Qxc2 Rb3 33. Qf2 Qb5 34. Rd1 Rxb2 35. Rd2 Rxd2 36. Qxd2 Qd5 37. Qc3 Bf5 38. Qd2 Bd7 39. Qc3 Bc6 40. Qb4 Qd7 41. Qd2 Qd8 42. Qe1 Bd5 43. Bg5 Qd7 44. Qe2 Qa4 45. Qd2 Qc6 46. Qb2 Qc7 47. Qd2 b5 48. axb6 Qxb6 49. Qc3 Bb7 50. Be3 Qe6 51. Qc7 Bd5 52. Qd8+ Kh7 53. Qg5 Qg6 54. Qd8 Qe6 55. Qg5 a5 56. Qxh5+ Kg8 57. Qd1 Qe7 58. Bg5 Qd7 59. Bd2 a4 60. Bb4 Qb5 61. Be7 e3 62. Qg4 Qd3 63. Qc8+ Kh7 64. Qc1 Qe4 0-1

[Event "WSTCC-50 2024"]
[Site "Krakow"]
[Date "2024.07.02"]
[Round "1.10"]
[White "Wolf, Sylvia"]
[Black "Dishman, Stephen"]
[Result "0-1"]
[ECO "B30"]
[WhiteElo "1992"]
[BlackElo "2308"]
[Annotator "TA"]
[PlyCount "98"]
[EventDate "2024.07.01"]
[EventType "team-tourn"]
[EventCountry "POL"]
[SourceTitle "playchess.com"]
[Source "ChessBase"]
[SourceQuality "1"]
[TimeControl "40/5400+30:1800+30"]

1. e4 c5 2. Nf3 Nc6 3. Bb5 e5 4. O-O Bd6 5. Nc3 Nf6 6. d3 a6 7. Bc4 O-O 8. Bg5 {[%emt 0:00:41] White has an edge.} Be7 9. Bxf6 Bxf6 10. Nd5 d6 11. h3 g6 12. Nxf6+ Qxf6 13. Qd2 {[%emt 0:05:00] [#]} (13. a4 $11) 13... Bxh3 $1 $17 14. Qh6 Bd7 15. Ng5 Qg7 16. Qh2 Nd4 (16... h6 {simplifies} 17. Nf3 g5 18. c3 b5) 17. c3 Ne6 18. Nxe6 Bxe6 19. Bxe6 fxe6 20. Rae1 Rf4 21. Re3 Raf8 22. Rh3 R8f7 23. Rh4 Qf6 24. Rxf4 exf4 {[%emt 0:03:21][%mdl 4096] Endgame. KQR-KQR} 25. f3 b5 26. g4 (26. Rd1 $17) 26... fxg3 $19 27. Qxg3 e5 28. Kg2 Kg7 29. Rh1 {[%emt 0:07:57] [#]} h5 $1 30. Kf2 Qf4 31. Qxf4 exf4 {[%emt 0:00:15] KR-KR} 32. Rc1 (32. a3 $142) 32... Rc7 33. Rd1 Kf6 34. d4 c4 35. Rh1 Rh7 36. Rg1 g5 37. Rh1 Kg6 38. d5 (38. Rg1 {was necessary.}) 38... Rb7 {[%emt 0:04:37] Hoping for ...b4.} 39. a3 a5 40. Rc1 (40. Rg1 $142) 40... g4 41. Re1 b4 42. axb4 axb4 43. fxg4 hxg4 {[%emt 0:00:12] ( -> ...bxc3)} 44. e5 dxe5 (44... bxc3 $142 45. bxc3 Rb2+ 46. Kf1 g3 47. exd6 f3 48. Rc1 Rd2 (48... Rh2 {gets mated.} 49. Ke1 Rh1+ 50. Kd2 Rxc1 51. d7 f2 52. d8=Q f1=Q 53. Qe8+ Kg5 54. Qg8+ Kh5 55. Qh8+ Kg4 56. Qc8+ Kf3 57. Qf8+ Kg2 58. Qxf1+ Rxf1 59. Ke3 Kh3 60. Kd4 g2 61. Kxc4 g1=Q 62. Kb5 Qg7 63. c4 Qc7 64. Kb4 Qb6+ 65. Kc3 Qe3+ 66. Kc2 Rf2+ 67. Kd1 Qd2#) 49. Ke1 Rxd5 50. Rb1 Kg5 (50... Rxd6 51. Ra1 Kg5 52. Ra5+ Kg4 53. Re5 g2 54. Kf2 Rd2+ 55. Ke3 g1=Q+ 56. Kxd2 Qh2+ 57. Kc1 Qxe5 58. Kb2 f2 59. Ka3 f1=Q 60. Kb4 Qb1+ 61. Kxc4 Qbb5#) 51. d7 g2 (51... Rxd7 {leads to mate.} 52. Rb5+ Kg4 53. Re5 g2 54. Kf2 Kf4 55. Re8 Rd2+ 56. Ke1 Rb2 57. Rf8+ Ke4 58. Re8+ Kd3 59. Rd8+ Kxc3 60. Rd3+ cxd3 61. Kd1 g1=Q#) 52. Kf2 Kf4 (52... Rxd7 53. Kxf3 Rd2 54. Rb8 $17) 53. d8=Q Rxd8 54. Rd1 Rd3 55. Rg1 Rd2+ (55... Rxc3 56. Rc1 g1=Q+ 57. Rxg1 Rc2+ 58. Ke1 f2+ 59. Kd1 fxg1=Q+ 60. Kxc2 Qa1 61. Kd2 Qb2+ 62. Kd1 Ke3 63. Ke1 Qe2#) 56. Ke1 f2+ 57. Kxd2 fxg1=Q (57... fxg1=R 58. Kc2 Ra1 59. Kb2 g1=Q 60. Kc2 Qh2#) 58. Ke2 Qh2 59. Kf2 g1=Q#) 45. Rxe5 bxc3 {[%emt 0:00:14] Black mates.} 46. bxc3 Rb2+ 47. Ke1 f3 48. Re3 Kf5 49. d6 Rb1+ {[%emt 0:01:06] Weighted Error Value: White=0.72/Black=0.19 (very precise) .  Mistake:       	White=5     	---        Inaccurate:     	White=5     	Black=1      OK:         	White=9     	Black=16     Best:        	---       	Black=1      Brilliant:      	---       	Black=1} 0-1

[Event "WSTCC-50 2024"]
[Site "Krakow"]
[Date "2024.07.02"]
[Round "1.10"]
[White "Brookfield, Toby"]
[Black "Berg, Anders Hoyer"]
[Result "0-1"]
[ECO "C54"]
[WhiteElo "1894"]
[BlackElo "2079"]
[Annotator "NA RC"]
[PlyCount "114"]
[EventDate "2024.07.01"]
[EventType "team-tourn"]
[EventCountry "POL"]
[SourceTitle "playchess.com"]
[Source "ChessBase"]
[SourceQuality "1"]
[TimeControl "40/5400+30:1800+30"]

1. e4 e5 2. d4 exd4 3. Nf3 Nc6 4. Bc4 Bc5 5. c3 Nf6 6. e5 d5 7. Bb5 Ne4 8. Nxd4 O-O 9. Bxc6 bxc6 10. O-O Bxd4 11. cxd4 c5 12. f3 Ng5 13. Nc3 cxd4 14. Qxd4 Bb7 15. Bxg5 Qxg5 16. Rad1 c5 17. Qxc5 Qxe5 18. Rfe1 Qf6 19. Qe7 Qb6+ 20. Kh1 Qxb2 21. Nxd5 Bxd5 22. Rxd5 Qxa2 23. Qe5 h6 24. Ra1 Qf2 25. h3 Rfe8 26. Qd4 Qxd4 27. Rxd4 Re5 28. Ra6 Re6 29. Ra5 a6 30. Kg1 Kf8 31. Kf2 Ke7 32. Rg4 g6 33. Rd4 Ra7 34. Rf4 Kd6 35. g4 Kc6 36. Rb4 Rd6 37. Ke3 Rd5 38. Rc4+ Kd6 39. Rd4 Rxd4 40. Kxd4 f6 41. h4 Kc6 42. Kc4 Kb6 43. Rd5 Rc7+ 44. Kb4 Rc6 45. f4 Re6 46. Rd4 a5+ 47. Kb3 Kc5 48. Rd8 a4+ 49. Kb2 Re2+ 50. Ka3 Re3+ 51. Ka2 Rg3 52. Rf8 Rxg4 53. Rxf6 h5 54. f5 Rf4 55. Rxg6 Rxf5 56. Rg5 Rxg5 57. hxg5 Kd5 0-1

[Event "WSTCC-50 2024"]
[Site "Krakow"]
[Date "2024.07.02"]
[Round "1.11"]
[White "Arnason, Jon L"]
[Black "Csom, Etelka"]
[Result "1-0"]
[ECO "B01"]
[WhiteElo "2421"]
[BlackElo "1996"]
[Annotator "TA"]
[PlyCount "53"]
[EventDate "2024.07.01"]
[EventType "team-tourn"]
[EventCountry "POL"]
[SourceTitle "playchess.com"]
[Source "ChessBase"]
[SourceQuality "1"]
[TimeControl "40/5400+30:1800+30"]

1. e4 d5 2. exd5 Nf6 3. d4 Bg4 4. Nf3 Qxd5 5. Be2 Nc6 6. h3 Qh5 (6... Bxf3 $14 7. Bxf3 Qd7) 7. Bf4 (7. hxg4 $2 Qxh1+ 8. Bf1 Nxg4 $19) (7. O-O $16 Bd7 8. Re1) 7... O-O-O $14 8. c3 {[%emt 0:01:01] White is slightly better.} Qf5 (8... e5 $14 9. Bxe5 (9. hxg4 $2 {too greedy.} Qxh1+ 10. Kd2 Qxd1+ 11. Kxd1 exf4 $19) (9. Nxe5 Bxe2 10. Qxe2 Re8 $14) 9... Nxe5 10. Nxe5 Bxe2 11. Qxe2 Bd6) 9. Bh2 Bxf3 10. Bxf3 e6 (10... e5 $14) 11. g4 (11. O-O $16) 11... Qb5 12. Nd2 (12. Qb3 $14 a6 13. Qxb5 axb5 14. a4) 12... Bd6 (12... Qxb2 $11 13. Bxc6 bxc6) 13. Bxd6 Rxd6 (13... cxd6 $11 14. Qb3 Qg5) 14. Qb3 Qxb3 15. axb3 Nd5 $1 16. b4 $36 {[%emt 0:00:26][%mdl 2048] Strongly threatening b5. Black is under pressure.} a6 17. Ne4 Rdd8 18. Nc5 Rhe8 19. O-O e5 $2 {[%emt 0:03:52] [#] Loses the game.} (19... Rd6 $16) 20. b5 $1 $18 axb5 21. Ra8+ Nb8 {[%emt 0:00:09] [#]} 22. g5 $1 {[%emt 0:00:21] Hoping for Bg4+.} c6 23. Bg4+ Kc7 24. Ra7 exd4 25. cxd4 ({Resist} 25. Rxb7+ Kd6 $18) 25... Nf4 $2 (25... Re7) 26. Rxb7+ (26. Nxb7 Rxd4 27. Na5+ Kb6 $15) 26... Kd6 27. Rxf7 {[%emt 0:00:15] Weighted Error Value: White=0.19 (very precise) /Black=0.57.  Mistake:       	White=3     	Black=7      Inaccurate:     	White=1     	Black=1      OK:         	White=8     	Black=7      Best:        	White=3     	Black=3      Strong:       	---       	Black=1} 1-0

[Event "WSTCC-50 2024"]
[Site "Krakow"]
[Date "2024.07.02"]
[Round "1.11"]
[White "Clark, Gary M"]
[Black "Mai, Iris"]
[Result "1-0"]
[ECO "E15"]
[WhiteElo "2299"]
[BlackElo "1972"]
[Annotator "RC"]
[PlyCount "61"]
[EventDate "2024.07.01"]
[EventType "team-tourn"]
[EventCountry "POL"]
[SourceTitle "playchess.com"]
[Source "ChessBase"]
[SourceQuality "1"]
[TimeControl "40/5400+30:1800+30"]

1. d4 Nf6 2. c4 e6 3. Nf3 b6 4. g3 Bb7 5. Bg2 d5 6. O-O Nbd7 7. b3 Be7 8. Bb2 O-O 9. Nc3 c6 10. Qd3 Re8 11. e4 Nf8 12. Rad1 Rc8 13. Ne5 Rc7 14. Rfe1 Bb4 15. f3 dxe4 16. fxe4 N6d7 17. Nf3 Qa8 18. a3 Be7 19. e5 Ng6 20. h4 Bf8 21. h5 Ne7 22. Ne4 Nc8 23. Rf1 Be7 24. b4 c5 25. Neg5 Bxg5 26. Nxg5 Nf8 27. d5 exd5 28. cxd5 c4 29. Qc3 h6 30. Rxf7 Ree7 31. e6 1-0

[Event "WSTCC-50 2024"]
[Site "Krakow"]
[Date "2024.07.02"]
[Round "1.11"]
[White "Harstad, Christian"]
[Black "Morgan, Jamie"]
[Result "1-0"]
[ECO "B27"]
[WhiteElo "1917"]
[BlackElo "1843"]
[Annotator "NA RC"]
[PlyCount "29"]
[EventDate "2024.07.01"]
[EventType "team-tourn"]
[EventCountry "POL"]
[SourceTitle "playchess.com"]
[Source "ChessBase"]
[SourceQuality "1"]
[TimeControl "40/5400+30:1800+30"]

1. e4 c5 2. Nf3 g6 3. d4 cxd4 4. Qxd4 Nf6 5. Bc4 Bg7 6. e5 Nc6 7. Qf4 d5 8. exf6 Bxf6 9. Bb3 e5 10. Qh6 e4 11. Ng5 Nd4 12. Nxh7 Be7 13. Qg7 Nxc2+ 14. Bxc2 Rxh7 15. Qxh7 1-0

[Event "WSTCC-50 2024"]
[Site "Krakow"]
[Date "2024.07.02"]
[Round "1.12"]
[White "Jahn, Constanze"]
[Black "Duncan, Chris R"]
[Result "1/2-1/2"]
[ECO "B50"]
[WhiteElo "2051"]
[BlackElo "2156"]
[Annotator "RC"]
[PlyCount "75"]
[EventDate "2024.07.01"]
[EventType "team-tourn"]
[EventCountry "POL"]
[SourceTitle "playchess.com"]
[Source "ChessBase"]
[SourceQuality "1"]
[TimeControl "40/5400+30:1800+30"]

1. e4 c5 2. Nf3 d6 3. Bc4 Nc6 4. O-O Nf6 5. Nc3 g6 6. h3 Bg7 7. d4 cxd4 8. Nxd4 O-O 9. Be3 Nxe4 10. Nxe4 d5 11. Nxc6 bxc6 12. Bd3 dxe4 13. Bxe4 Qc7 14. Qf3 Rb8 15. Bc5 Rxb2 16. Qa3 Be6 17. Bxe7 Re8 18. Bd6 Qb7 19. Rfe1 Rd8 20. Bc5 Rb5 21. Rad1 Rxd1 22. Rxd1 Rb1 23. Qd3 h5 24. a3 Bd5 25. Bxd5 cxd5 26. Rxb1 Qxb1+ 27. Kh2 Qb7 28. Qe3 a6 29. g3 Qc6 30. c3 Qe6 31. Qd3 h4 32. gxh4 Bf6 33. h5 gxh5 34. Qg3+ Kh7 35. Qd3+ Kg8 36. Qg3+ Kh7 37. Qd3+ Kg8 38. Qg3+ 1/2-1/2

[Event "WSTCC-50 2024"]
[Site "Krakow"]
[Date "2024.07.02"]
[Round "1.12"]
[White "Kozma, Edit"]
[Black "Thorhallsson, Throstur"]
[Result "0-1"]
[ECO "B59"]
[WhiteElo "1859"]
[BlackElo "2385"]
[Annotator "TA"]
[PlyCount "52"]
[EventDate "2024.07.01"]
[EventType "team-tourn"]
[EventCountry "POL"]
[SourceTitle "playchess.com"]
[Source "ChessBase"]
[SourceQuality "1"]
[TimeControl "40/5400+30:1800+30"]

1. e4 c5 2. Nf3 d6 3. d4 cxd4 4. Nxd4 Nf6 5. Nc3 Nc6 6. Be2 e5 7. Nb3 Be7 8. O-O O-O 9. Be3 a5 10. a4 Nb4 11. f4 Be6 12. Bf3 exf4 13. Bxf4 Nxc2 14. Qxc2 Qb6+ 15. Kh1 {[%emt 0:03:15] [#] Nb5 is the strong threat.} Bxb3 16. Qd2 Rac8 {[%emt 0:15:14] Black is slightly better.} 17. Be3 Qb4 18. Be2 Nxe4 19. Nxe4 Qxe4 20. Bf3 Qe6 21. Bxb7 Rc2 22. Qe1 (22. Qd3 $17 {was worth a try.}) 22... d5 ({But not} 22... Rxb2 23. Bd4 Ra2 (23... Qxe1 24. Raxe1 Rd2 25. Bc3 $17) 24. Rxa2 Bxa2 25. Qa1 $17) 23. Rf3 $2 (23. Qg3) 23... Rb8 $19 {[%emt 0:05:49] Black is clearly winning.} ({Less strong is} 23... Rxb2 24. Bd4 Qxe1+ 25. Rxe1 $15) 24. Qg3 (24. Qxa5 $142 Rxb7 25. Qa8+ Qc8 26. Qxc8+ Rxc8 27. a5) 24... Rxb7 25. Bd4 {[%emt 0:00:45] [#]} Qg6 26. Rxb3 (26. Qh3 Bd6) 26... Rxb3 {White did not feel at home in the position after the opening.   Weighted Error Value: White=1.19/Black=0.07 (flawless) .  Mistake:       	White=3     	---        Inaccurate:     	White=3     	---        OK:         	White=2     	Black=4      Best:        	---       	Black=1} 0-1

[Event "WSTCC-50 2024"]
[Site "Krakow"]
[Date "2024.07.02"]
[Round "1.12"]
[White "Goman, Colin"]
[Black "Johnsen, Sylvia"]
[Result "0-1"]
[ECO "D05"]
[WhiteElo "1759"]
[BlackElo "1878"]
[Annotator "NA RC"]
[PlyCount "120"]
[EventDate "2024.07.01"]
[EventType "team-tourn"]
[EventCountry "POL"]
[SourceTitle "playchess.com"]
[Source "ChessBase"]
[SourceQuality "1"]
[TimeControl "40/5400+30:1800+30"]

1. d4 d5 2. Nf3 Nf6 3. e3 e6 4. Bd3 Be7 5. O-O Nbd7 6. Nbd2 b6 7. e4 dxe4 8. Nxe4 Bb7 9. Re1 Nxe4 10. Bxe4 Bxe4 11. Rxe4 Nf6 12. Re1 O-O 13. Bf4 c5 14. dxc5 Bxc5 15. Qxd8 Rfxd8 16. Be3 Rac8 17. Bxc5 Rxc5 18. Rad1 Rdc8 19. Re2 Nd5 20. c3 b5 21. a3 a5 22. Kf1 h6 23. g3 b4 24. axb4 axb4 25. cxb4 Nxb4 26. Red2 Nd5 27. Nd4 Rb8 28. Ra1 Rc4 29. Ne2 Rcb4 30. Ra2 Rb3 31. Nd4 R3b6 32. Ke2 Nb4 33. Ra1 Nd5 34. Rc2 Rxb2 35. Rxb2 Rxb2+ 36. Kf3 Nb4 37. Ra8+ Kh7 38. Ra7 Kg6 39. Rb7 Nd3 40. Rxb2 Nxb2 41. Ke4 Nc4 42. f4 Kf6 43. g4 Nd6+ 44. Ke3 e5 45. fxe5+ Kxe5 46. Nf3+ Kd5 47. Nd4 Nc4+ 48. Kd3 Ne5+ 49. Kc3 Nxg4 50. Nf5 g6 51. Ne7+ Ke4 52. Ng8 Nxh2 53. Nxh6 f5 54. Nf7 f4 55. Kd2 f3 56. Ng5+ Kf4 57. Nh3+ Kg3 58. Ng1 f2 59. Ne2+ Kf3 60. Nd4+ Ke4 0-1

[Event "WSTCC-50 2024"]
[Site "Krakow"]
[Date "2024.07.02"]
[Round "1.13"]
[White "Rogowski, Jaroslaw"]
[Black "Godena, Michele"]
[Result "0-1"]
[ECO "D02"]
[WhiteElo "2149"]
[BlackElo "2426"]
[Annotator "TA"]
[PlyCount "105"]
[EventDate "2024.07.01"]
[EventType "team-tourn"]
[EventCountry "POL"]
[SourceTitle "playchess.com"]
[Source "ChessBase"]
[SourceQuality "1"]
[TimeControl "40/5400+30:1800+30"]

1. d4 d5 2. Nf3 Bf5 3. c4 e6 4. Nc3 Nc6 5. a3 Nf6 6. Bg5 Be7 7. e3 O-O 8. Bd3 {[%emt 0:06:40] Threatening Bxf5. White has an edge.} (8. Rc1 {simplifies} Rc8 9. cxd5 Nxd5 10. Bxe7 Nxc3 11. Rxc3 Nxe7 12. Be2) 8... dxc4 9. Bxc4 Nd5 10. Bxe7 Nxc3 11. Qb3 (11. Bxd8 {simplifies} Nxd1 12. Rxd1 Rfxd8 13. Ke2) 11... Nxe7 12. bxc3 Be4 13. Ng5 (13. Be2 $11 {remains equal.}) 13... Bxg2 $17 {[%emt 0:05:22] Black keeps a firm grip on the game.} 14. Rg1 Bd5 15. e4 (15. Bxd5 $17 Qxd5 16. Qc2) 15... Bxc4 $19 16. Qxc4 h6 17. Nf3 Ng6 18. O-O-O (18. Rg3 $142) 18... Qf6 19. Rd3 c5 20. e5 (20. Qxc5 $142 Qf4+ 21. Re3) 20... Qf4+ 21. Kb2 (21. Re3 $142) 21... cxd4 (21... Nxe5 $142 22. Rxg7+ Kxg7 23. Nxe5 Qxf2+ 24. Kb3 b5 (24... Qxh2 $2 25. a4 $19) 25. Qxc5 a5 (25... Qxh2 $2 26. Nc6 $19)) 22. Qxd4 {[%emt 0:00:27] [#]} Rfd8 $1 23. Qxf4 Nxf4 24. Re3 Rd5 25. Nd4 {[%emt 0:00:38] [#]} Rxe5 $3 26. Reg3 (26. Rxe5 Nd3+) 26... g6 27. Kb3 Rc8 28. a4 Ne2 29. Nxe2 Rxe2 {[%emt 0:00:01][%mdl 4096] Endgame. KRR-KRR} 30. Rf3 Rd2 31. Rg4 Rc7 32. h4 h5 33. Rgf4 Rd5 34. Kb4 a5+ 35. Kb3 Kf8 36. Rf6 Kg7 37. R6f4 Rd1 38. Re4 Rb1+ 39. Kc2 Rb4 {[%emt 0:00:55] Black is clearly winning.} 40. Rff4 Rxe4 41. Rxe4 {[%emt 0:30:03] KR-KR} Kf6 42. Kd3 Rc5 43. c4 g5 44. Kd4 Rf5 {[%emt 0:05:37] White must now prevent ...Rf4.} 45. hxg5+ Kxg5 46. Ke3 {[%emt 0:00:00] Prevents Rf4.} h4 {[%emt 0:01:14] Strongly threatening ...h3.} 47. f3 h3 {[%emt 0:01:23] ...h2 is the strong threat.} 48. Rg4+ Kh6 49. Rg8 Kh7 50. Rg1 Rh5 51. f4 h2 52. Rh1 Kg6 53. Kd4 {Weighted Error Value: White=0.52/Black=0.24 (precise) .  Mistake:       	White=5     	Black=1      Inaccurate:     	White=3     	---        OK:         	White=12    	Black=22     Best:        	---       	Black=1} 0-1

[Event "WSTCC-50 2024"]
[Site "Krakow"]
[Date "2024.07.02"]
[Round "1.13"]
[White "Mertens, Marc"]
[Black "Westphal, Wolfgang"]
[Result "0-1"]
[ECO "A11"]
[WhiteElo "2142"]
[BlackElo "2172"]
[Annotator "RC"]
[PlyCount "138"]
[EventDate "2024.07.01"]
[EventType "team-tourn"]
[EventCountry "POL"]
[SourceTitle "playchess.com"]
[Source "ChessBase"]
[SourceQuality "1"]
[TimeControl "40/5400+30:1800+30"]

1. e4 a6 2. d4 d5 3. exd5 Qxd5 4. Nc3 Qd8 5. Bc4 Nf6 6. Nf3 b5 7. Bb3 c5 8. dxc5 Qxd1+ 9. Nxd1 e6 10. O-O Bxc5 11. a4 b4 12. a5 O-O 13. Ne5 Bb7 14. Ba4 Rc8 15. Be3 Nd5 16. Bxc5 Rxc5 17. Nd3 Rxa5 18. Ne3 Nxe3 19. fxe3 Rg5 20. g3 a5 21. Rf4 Na6 22. Rd4 h5 23. Rd7 Be4 24. Rd4 Bxd3 25. cxd3 Rc5 26. Bb3 Nc7 27. Rd7 Ne8 28. Rb7 Rd8 29. d4 Rg5 30. Ra7 Nf6 31. R1xa5 Rxa5 32. Rxa5 Ng4 33. Rb5 Nxe3 34. Rxb4 Nf5 35. Bd1 g6 36. Kf2 Nxd4 37. Rb7 Nc6 38. Be2 Ne5 39. h3 Ra8 40. Ke3 Kg7 41. b4 Kf6 42. b5 Ra3+ 43. Kf2 Rb3 44. Ra7 Nd3+ 45. Kg2 Nc5 46. Ra2 Ne4 47. g4 h4 48. Bc4 Rg3+ 49. Kh2 Nd6 50. Bf1 Rb3 51. Ra4 Rb2+ 52. Kg1 g5 53. Ra5 Rb1 54. Kg2 Rb3 55. Be2 Rg3+ 56. Kh2 Rc3 57. Kg2 Rc5 58. Kf3 Ke5 59. Ra7 Rc3+ 60. Kg2 Rb3 61. Ra5 Kf4 62. Bf1 Rb2+ 63. Kg1 Ne4 64. Ra3 f5 65. gxf5 exf5 66. Ra4 Rb3 67. Bc4 Rb1+ 68. Bf1 g4 69. Ra3 Ng3 0-1

[Event "WSTCC-50 2024"]
[Site "Krakow"]
[Date "2024.07.02"]
[Round "1.13"]
[White "Zeidler, Sven P."]
[Black "Grawe, Christian"]
[Result "1-0"]
[ECO "B24"]
[WhiteElo "2116"]
[BlackElo "2232"]
[Annotator "RC"]
[PlyCount "111"]
[EventDate "2024.07.01"]
[EventType "team-tourn"]
[EventCountry "POL"]
[SourceTitle "playchess.com"]
[Source "ChessBase"]
[SourceQuality "1"]
[TimeControl "40/5400+30:1800+30"]

1. e4 c5 2. Nc3 Nc6 3. Bb5 Nd4 4. Nf3 a6 5. Bd3 g6 6. O-O Bg7 7. Re1 d6 8. Nxd4 cxd4 9. Ne2 e6 10. c3 dxc3 11. dxc3 Ne7 12. Bg5 O-O 13. Qd2 Qc7 14. Rad1 b5 15. Bc2 Rd8 16. Bb3 a5 17. Nd4 Ba6 18. Bxe7 Qxe7 19. Nc6 Qc7 20. Nxd8 Rxd8 21. a3 Qc5 22. Qe3 Qxe3 23. Rxe3 Kf8 24. f4 h5 25. f5 Ke7 26. fxg6 fxg6 27. Bc2 Be5 28. Bd3 Ra8 29. Rf3 b4 30. Rdf1 d5 31. exd5 bxc3 32. bxc3 Bxc3 33. Bxa6 Bd4+ 34. Kh1 Rxa6 35. Re1 e5 36. Rb1 Rb6 37. Rxb6 Bxb6 38. g3 Bd4 39. Kg2 a4 40. Kf1 Bb2 41. Rf2 Bxa3 42. Ra2 Bc1 43. Rxa4 Kd6 44. Ra6+ Kxd5 45. Rxg6 Ke4 46. Ke2 Kf5 47. Rc6 Bg5 48. Rc4 Bd8 49. Kf3 Bb6 50. Rh4 Kg5 51. Ke4 Bd4 52. Kd5 Bb2 53. Ke6 Bd4 54. Re4 Bc3 55. h4+ Kg6 56. Rxe5 1-0

[Event "WSTCC-50 2024"]
[Site "Krakow"]
[Date "2024.07.02"]
[Round "1.14"]
[White "Bellia, Fabrizio"]
[Black "Ograbek, Grzegorz"]
[Result "1-0"]
[ECO "C41"]
[WhiteElo "2401"]
[BlackElo "2063"]
[Annotator "TA"]
[PlyCount "77"]
[EventDate "2024.07.01"]
[EventType "team-tourn"]
[EventCountry "POL"]
[SourceTitle "playchess.com"]
[Source "ChessBase"]
[SourceQuality "1"]
[TimeControl "40/5400+30:1800+30"]

1. e4 d6 2. d4 Nf6 3. Nc3 e5 4. Nf3 Nbd7 5. Bc4 Be7 6. O-O O-O 7. Re1 a6 8. a4 b6 9. h3 Bb7 10. d5 c6 11. b3 Nc5 12. b4 {[%emt 0:09:33] Hoping for dxc6.} cxd5 13. exd5 {[%emt 0:00:48] The position is equal.} Ncd7 14. Bb3 Qc7 15. Bb2 Rfc8 16. Ne2 Bf8 17. Ng3 g6 18. Qd2 (18. a5 $11) 18... Qd8 (18... a5 $15) 19. c4 (19. Ng5 $14) 19... a5 $11 20. b5 $1 Bg7 21. Qe2 Qf8 (21... Nc5 $15 22. Nd2 Qc7) 22. h4 Re8 23. h5 Bc8 24. hxg6 hxg6 25. Ng5 Bh6 26. Bc1 Nh7 27. Nxh7 Kxh7 28. Bxh6 Qxh6 29. Ne4 Rh8 (29... Kg7 $11) 30. Qe3 $1 $14 ({Don't play} 30. Nxd6 Kg8 31. f3 Qh2+ 32. Kf1 Nc5 $11) 30... Qf8 31. f4 f6 (31... Kg7 $14) 32. fxe5 $16 {[%emt 0:02:27] White has more active pieces.} dxe5 {[%emt 0:00:22] [#]} 33. Rf1 $1 {[%emt 0:01:09][%cal Oc4c5] c5! is the strong threat.} Kg7 {[%emt 0:00:14] [#]} 34. c5 $1 bxc5 35. d6 {[%emt 0:01:12] Strongly threatening Ng5.} Bb7 36. Ng5 {[%emt 0:01:08] Ne6+ would now be deadly.} Qxd6 (36... Re8 37. Rad1 Rh4) 37. Rad1 $18 Qe7 38. Ne6+ Kh7 {[%emt 0:00:49] [#]} 39. Rxd7 $1 {[%emt 0:01:15][%mdl 512] Weighted Error Value: White=0.16 (very precise) /Black=0.59.  Mistake:       	White=3     	Black=5      Inaccurate:     	White=4     	Black=4      OK:         	White=5     	Black=4      Best:        	White=4     	Black=1      Strong:       	White=3     	---        Brilliant:      	White=1     	---} 1-0

[Event "WSTCC-50 2024"]
[Site "Krakow"]
[Date "2024.07.02"]
[Round "1.14"]
[White "Kempter, Ronald"]
[Black "Davis, Lee"]
[Result "1/2-1/2"]
[ECO "A05"]
[WhiteElo "2204"]
[BlackElo "1932"]
[Annotator "RC"]
[PlyCount "120"]
[EventDate "2024.07.01"]
[EventType "team-tourn"]
[EventCountry "POL"]
[SourceTitle "playchess.com"]
[Source "ChessBase"]
[SourceQuality "1"]
[TimeControl "40/5400+30:1800+30"]

1. Nf3 Nf6 2. g3 g6 3. Bg2 Bg7 4. O-O O-O 5. c4 c5 6. d4 cxd4 7. Nxd4 Nc6 8. Nc3 Nxd4 9. Qxd4 d6 10. Qd2 Rb8 11. b3 Bd7 12. Bb2 a6 13. a4 Bc6 14. e4 Nd7 15. b4 b6 16. b5 Bb7 17. Nd5 Bxb2 18. Qxb2 a5 19. Rfd1 Bxd5 20. cxd5 Rc8 21. h4 h5 22. Bh3 Rc5 23. Rac1 Qc7 24. Bxd7 Qxd7 25. Rxc5 dxc5 26. Kg2 Rd8 27. Qc3 Qc7 28. Rd2 Rd7 29. Kh2 Qb8 30. f4 Qd8 31. Qe5 Rd6 32. f5 Rf6 33. Qf4 Rd6 34. Qf3 Rf6 35. Qe3 Qc7 36. fxg6 Rxg6 37. e5 Kf8 38. Rf2 Kg7 39. Qf4 e6 40. d6 Qb7 41. Rd2 Qd7 42. Qf3 Qd8 43. Rf2 f5 44. Qxh5 Rh6 45. Qf3 Kg6 46. Qf4 Rh5 47. Rd2 Rh7 48. Kg1 Rg7 49. Qf3 Kh6 50. Rf2 Rg4 51. Qe3+ Kh7 52. Rf4 Qxh4 53. Rxg4 Qxg4 54. Kf2 Qd1 55. Qg5 Qd4+ 56. Kg2 Qe4+ 57. Kh2 Qe2+ 58. Kh3 Qf1+ 59. Kh2 Qf2+ 60. Kh3 Qd4 1/2-1/2